 Seeded DCSS version 0.30-a0-424-g7412bad402 (webtiles) character file.

Game seed: 2672040522805985899 (custom seed)

10327 innerfire433 the Fighter (level 11, -5/93 HPs)
             Began as a Demonspawn Monk on Dec 10, 2022.
             Was a High Priest of Trog.
             Slain by a troll (6 damage)
             ... on level 10 of the Dungeon.
             The game lasted 00:18:25 (9395 turns).

innerfire433 the Fighter (Demonspawn Monk)          Turns: 9395, Time: 00:18:26

Health: -5/93      AC: 11    Str: 15    XL:     11   Next: 34%
Magic:  11/11      EV: 14    Int: 11    God:    Trog [*****.]
Gold:   675        SH: 11    Dex: 17    Spells: 10/10 levels left

rFire   . . .      SeeInvis +    b - +10 dagger "Buwuc" {venom, rC+}
rCold   + . .      Faith    .    G - +1 kite shield
rNeg    . . .      Spirit   .    F - +4 ring mail
rPois   .          Reflect  .    (no helmet)
rElec   .          Harm     .    (no cloak)
rCorr   +          Rampage  .    J - +0 pair of gloves
Will    ++...                    (no boots)
Stlth   ++........               (no amulet)
HPRegen 1.35/turn                e - ring of see invisible
MPRegen 0.12/turn                j - ring of resist corrosion

@: strong-willed, regenerating, studying Fighting
A: sturdy frame 2, demonic magic 1, demonic touch 2
a: Renounce Religion, Berserk, Trog's Hand, Brothers in Arms


You were on level 10 of the Dungeon.
You worshipped Trog.
Trog was extremely pleased with you.
You visited 1 branch of the dungeon, and saw 10 of its levels.

You collected 675 gold pieces.

Inventory:

Hand Weapons
 a - the +8 sling of Strategic Superiority {freeze, rElec}
   (You found it on level 7 of the Dungeon)

   Any ammunition fired from it freezes those it strikes, dealing additional
   cold damage.
   It can also slow down cold-blooded creatures.
   rElec:     It insulates you from electricity.
 b - the +10 dagger "Buwuc" (weapon) {venom, rC+}
   (You found it on level 2 of the Dungeon)

   It poisons the flesh of those it strikes.
   rC:        It protects you from cold.
 D - a +0 short sword
 H - a +7 short sword of flaming
Armour
 k - a +1 ring mail of positive energy
 l - a scarf of harm
 o - a +0 robe
 E - a +0 ring mail of willpower
 F - a +4 ring mail (worn)
 G - a +1 kite shield (worn)
 J - a +0 pair of gloves (worn)
 O - a +0 troll leather armour
Jewellery
 e - a ring of see invisible (left hand)
 j - a ring of resist corrosion (right hand)
Wands
 r - a wand of light (11)
 u - a wand of polymorph (11)
 N - a wand of charming (1)
Scrolls
 h - 5 scrolls of teleportation {unknown}
 i - a scroll of acquirement
 m - 4 scrolls of silence {unknown}
 n - 2 scrolls of immolation {unknown}
 p - a scroll of torment
 q - 2 scrolls of brand weapon {unknown}
 w - 3 scrolls of fog
 x - 4 scrolls of enchant weapon {unknown}
 y - a scroll of poison
 C - a scroll of summoning
 L - a scroll of blinking {unknown}
 M - a scroll of identify
Potions
 c - 2 potions of ambrosia
 d - 3 potions of flight
 f - a potion of invisibility {unknown}
 g - a potion of heal wounds
 s - 2 potions of curing
 t - 4 potions of mutation
 v - a potion of cancellation {unknown}
 z - a potion of degeneration {unknown}
 A - 2 potions of brilliance
 B - a potion of haste
 I - 2 potions of lignification {unknown}
 K - 2 potions of might {unknown}


   Skills:
 + Level 11.1 Fighting
 + Level 9.8 Short Blades
 + Level 7.1 Armour
 + Level 7.7 Dodging
 - Level 1.7 Stealth
 * Level 5.4 Shields


You had 10 spell levels left.
You didn't know any spells.
Your spell library contained the following spells:

 Spells                   Type           Power      Damage    Failure   Level
 Ignite Poison            Fire/Tmut/Pois 0%         N/A       97%         3
 Sticky Flame             Conj/Fire      0%         2d3       100%        4
 Ignition                 Fire           0%         3d3       100%        8


Dungeon Overview and Level Annotations

Branches:
Dungeon (10/15)            Temple (0/1) D:4
   Lair: D:8-11         Orc: D:9-12

Altars:
Dithmenos
Fedhas
Kikubaaqudgha
Qazlal
Ru
Sif Muna
Trog
Wu Jian
Yredelemnul

Shops:
D:7 *


Innate Abilities, Weirdness & Mutations

Your movements are less encumbered by armour. (ER -4)
Spells you cast may paralyse adjacent enemies.
Your touch may inflict irresistible damage on your foes.


Message History

You kill the yak!
Trog accepts your kill. You block the yak's attack. The yak closely misses you.
The yak gores you! The yak gores you!
* * * LOW HITPOINT WARNING * * *
You are confused.
You feel invigorated. The yak completely misses you.
You puncture the yak!
The yak is poisoned.
The yak is moderately wounded.
The yak gores you but does no damage.
You bump into the rock wall.
The yak gores you but does no damage. The yak misses you.
The yak barely misses you.
You bump into the rock wall.
You feel less invigorated.
You feel less confused. You block the yak's attack.
The yak gores you but does no damage. You block the yak's attack.
You puncture the yak!
The yak is poisoned.
The yak is moderately wounded.
The yak gores you but does no damage. You block the yak's attack.
You puncture the yak!
The yak is lightly wounded.
The yak barely misses you. The yak gores you! You block the troll's attack.
The troll claws you!
* * * LOW HITPOINT WARNING * * *
The troll claws you but does no damage.
You hit the yak.
The yak is poisoned.
The yak is moderately wounded.
You puncture the yak!
The yak is heavily wounded.
You block the yak's attack. The yak gores you!
* * * LOW HITPOINT WARNING * * *
The troll bites you but does no damage. The troll claws you!
* * * LOW HITPOINT WARNING * * *
The troll misses you.
Your skin crawls.
You feel strong-willed.
The yak closely misses you. x2; The yak gores you!
* * * LOW HITPOINT WARNING * * *
You block the troll's attack. The troll claws you.
You die...

#########
###########.....).#
..........#.......#
..>>......#.......#
..........#.......#
..........#.......#
.....##'###.......#
...
#YY..........#####
.
#@Y...............
#YT.............))
#...............))
#................)
#............)....
######............
#.........###
#.......###
#.......#


You could see 4 yaks and a troll.

Vanquished Creatures
  Erolcha (D:10)
  2 two-headed ogres (D:9)
  Lodul (D:10)
  The ghost of indyram44 the Covered, a novice DsGl of Okawaru (D:5)
  A manticore (D:10)
  Joseph (D:7)
  Maggie (D:10)
  A troll (D:10)
  Prince Ribbit (D:7)
  Sigmund (D:2)
  A wraith (D:10)
  A yak (D:10)
  2 wyverns
  3 vampire mosquitoes (D:7)
  Edmund (D:6)
  An acid dragon (D:9)
  Duvessa (D:5)
  3 water moccasins (D:7)
  2 orc warriors
  2 sky beasts
  2 black bears
  3 ice beasts
  10 ogres
  3 centaurs
  2 kobold brigands
  A gnoll sergeant (D:7)
  A bullfrog (D:8)
  3 necrophages
  4 scorpions
  8 wights
  Dowan (D:5)
  12 killer bees
  2 howler monkeys
  5 hounds
  3 jellies
  3 orc priests
  Ijyb (D:4)
  7 iguanas
  4 orc wizards
  9 gnolls
  8 adders
  A shadow imp (D:7)
  4 white imps
  An ufetubus (D:5)
  6 worms
  3 dart slugs
  32 orcs
  4 bats
  5 endoplasms
  5 giant cockroaches
  6 goblins
  3 hobgoblins
  8 jackals
  2 quokkas
  7 ball pythons
  4 frilled lizards
  6 kobolds
  5 rats
222 creatures vanquished.

Vanquished Creatures (others)
  A withered plant (D:4)
1 creature vanquished.

Grand Total: 223 creatures vanquished

Notes
Turn   | Place    | Note
-------+----------+-------------------------------------------
     0 | D:1      | innerfire433 the Demonspawn Monk began the quest for the
                  | Orb.
     0 | D:1      | Reached XP level 1. HP: 18/18 MP: 1/1
   178 | D:1      | Gained mutation: Your movements are slightly less
                  | encumbered by armour. (ER -2) [demonic ancestry]
   178 | D:1      | Reached XP level 2. HP: 18/24 MP: 2/2
   966 | D:2      | Identified the +10 dagger "Buwuc" {venom, rC+}
   984 | D:2      | Gained mutation: Your movements are less encumbered by
                  | armour. (ER -4) [demonic ancestry]
   984 | D:2      | Reached XP level 3. HP: 29/29 MP: 3/3
  1227 | D:2      | Found a faded altar of an unknown god.
  1258 | D:2      | Reached skill level 1 in Armour
  1272 | D:2      | Prayed at the altar of an unknown god.
  1272 | D:2      | Became a worshipper of Trog the Wrathful
  1272 | D:2      | Reached * piety under Trog
  1272 | D:2      | Reached ** piety under Trog
  1368 | D:2      | Identified the +0 helmet of Beogh's Regard {Rampage rElec
                  | Int+2 Dex+6}
  1465 | D:2      | Noticed Sigmund
  1471 | D:2      | Killed Sigmund
  1472 | D:2      | Reached XP level 4. HP: 31/37 MP: 4/4
  1472 | D:2      | Gained mutation: Spells you cast may paralyse adjacent
                  | enemies. [demonic ancestry]
  1472 | D:2      | Reached XP level 5. HP: 35/42 MP: 5/5
  1581 | D:3      | Reached *** piety under Trog
  1650 | D:3      | Found a faded altar of an unknown god.
  1654 | D:3      | Found a shimmering blue altar of Sif Muna.
  2091 | D:3      | Found a sacrificial altar of Ru.
  2212 | D:3      | Reached skill level 4 in Fighting
  2212 | D:3      | Reached XP level 6. HP: 48/48 MP: 6/6
  2356 | D:4      | Reached skill level 5 in Short Blades
  2368 | D:4      | Reached XP level 7. HP: 54/55 MP: 7/7
  2508 | D:4      | Reached **** piety under Trog
  2514 | D:4      | Reached skill level 5 in Fighting
  2686 | D:4      | Noticed Ijyb
  2698 | D:4      | Killed Ijyb
  2826 | D:4      | Found a blossoming altar of Fedhas.
  2830 | D:4      | Found an ancient bone altar of Kikubaaqudgha.
  2868 | D:4      | Found a staircase to the Ecumenical Temple.
  3000 | D:5      | Entered Level 5 of the Dungeon
  3246 | D:5      | Found a transporter.
  3250 | D:5      | Noticed Duvessa
  3251 | D:5      | Noticed Dowan
  3259 | D:5      | Killed Dowan
  3270 | D:5      | Killed Duvessa
  3363 | D:5      | Gained mutation: Your touch may inflict minor irresistible
                  | damage on your foes. [demonic ancestry]
  3363 | D:5      | Reached XP level 8. HP: 64/64 MP: 8/8
  3469 | D:5      | Reached skill level 6 in Fighting
  3476 | D:5      | HP: 1/64 [iguana (12)]
  3790 | D:5      | Reached skill level 5 in Dodging
  3877 | D:5      | Found a transporter.
  4007 | D:5      | Found a shadowy altar of Dithmenos.
  4104 | D:5      | Noticed indyram44's ghost (novice DsGl)
  4110 | D:5      | Killed indyram44's ghost
  4111 | D:5      | Reached skill level 7 in Fighting
  4121 | D:5      | Reached XP level 9. HP: 72/72 MP: 9/9
  4807 | D:6      | Reached skill level 5 in Armour
  4818 | D:6      | Reached skill level 8 in Fighting
  5522 | D:6      | Noticed Edmund
  5533 | D:6      | Killed Edmund
  5963 | D:7      | Identified the +8 sling of Strategic Superiority {freeze,
                  | rElec}
  5971 | D:7      | Noticed Joseph
  5985 | D:7      | Killed Joseph
  6216 | D:7      | Noticed Prince Ribbit
  6223 | D:7      | Killed Prince Ribbit
  6224 | D:7      | Reached skill level 9 in Fighting
  6345 | D:7      | Gained mutation: Your touch may inflict irresistible damage
                  | on your foes. [demonic ancestry]
  6345 | D:7      | Reached XP level 10. HP: 72/83 MP: 10/10
  6439 | D:7      | Reached ***** piety under Trog
  6835 | D:7      | Reached skill level 1 in Shields
  6948 | D:7      | Found Iqyam's Serpentskin Sales.
  7710 | D:8      | Received a gift from Trog
  8046 | D:8      | Found an ornate altar of the Wu Jian Council.
  8156 | D:8      | Identified a scroll of acquirement
  8290 | D:9      | Found a basalt altar of Yredelemnul.
  8302 | D:9      | Noticed a two-headed ogre
  8312 | D:9      | Killed a two-headed ogre
  8313 | D:9      | Reached skill level 10 in Fighting
  8332 | D:9      | Found a stormy altar of Qazlal.
  8528 | D:9      | Noticed a two-headed ogre
  8541 | D:9      | Killed a two-headed ogre
  8721 | D:10     | Entered Level 10 of the Dungeon
  8805 | D:10     | Noticed Maggie
  8823 | D:10     | Killed Maggie
  8848 | D:10     | Reached XP level 11. HP: 92/92 MP: 11/11
  9048 | D:10     | Noticed Erolcha
  9070 | D:10     | Killed Erolcha
  9071 | D:10     | Noticed Lodul
  9081 | D:10     | Killed Lodul
  9082 | D:10     | Reached skill level 5 in Shields
  9091 | D:10     | Reached skill level 11 in Fighting
  9395 | D:10     | HP: 1/93 [yak (8)]
  9395 | D:10     | Slain by a troll

Illustrated notes

Levels and vault maps discovered:
D:1:      psy_arrival_radial02, layout_rooms
D:2:      layout_basic, ebering_ecumenical_altar_mist, grunt_decor_clamped,
          uniq_sigmund
D:3:      layout_basic, nicolae_overflow_ecumenical_swirl,
          mainiacjoe_overflow_large_starburst
D:4:      layout_rooms, grunt_temple_overflow_growth_and_decay,
          minmay_temple_entry_ruins, minmay_manual_monstrance, uniq_ijyb
D:5:      nicolae_cairo_tiling_large, layout_cave_pools,
          mainiacjoe_overflow_concentric_impassable, gammafunk_ghost_hive,
          st_stairs_13, minmay_chambers_of_fives, uniq_duvessa
D:6:      layout_layer_cave, uniq_edmund
D:7:      layout_loops_ring, guppyfry_shop_venom, uniq_prince_ribbit1,
          uniq_joseph
D:8:      layout_loops_corners, pdpol_wu_jian_five_deadly_venoms
D:9:      layout_rooms, mainiacjoe_overflow_cross_hatched,
          nicolae_overflow_crystal_walls
D:10:     minmay_the_grid_four_pointed_star_mashed
          [minmay_the_grid_triangle_9x9_corrupted_corridor,
          minmay_the_grid_triangle_9x9_shrine,
          minmay_the_grid_triangle_9x9_impossible_snake,
          minmay_the_grid_triangle_9x9_flanged_cone,
          minmay_the_grid_prize_diamond_cup], layout_gridville,
          kennysheep_orc_monster_closet_entryway, kennysheep_generic_room_15,
          uniq_maggie, uniq_erolcha, uniq_josephine, uniq_lodul

Skill      XL: |  1  2  3  4  5  6  7  8  9 10 11 |
---------------+----------------------------------+-----
Short Blades   | 3 4 5 7 8 9 |  9.8
Dodging        | 3 4 5 6 7 |  7.7
Armour         | 1 2 3 4 5 6 7 |  7.1
Fighting       | 4 5 7 9 10 11 | 11.1
Shields        | 4 5 |  5.4
Stealth        | |  1.7

Action                   |  1- 3 |  4- 6 |  7- 9 | 10-12 || total
-------------------------+-------+-------+-------+-------++-------
Melee: Short sword       |   138 |       |       |       ||   138
       Punch             |     2 |     2 |     3 |       ||     7
       Dagger            |     3 |    57 |   261 |   294 ||   615
       Unarmed           |       |       |     7 |       ||     7
       Touch             |       |       |    31 |     2 ||    33
Invok: Berserk           |       |       |     2 |     2 ||     4
       Trog's Hand       |       |       |     1 |     1 ||     2
  Use: Potion            |     1 |       |     4 |     2 ||     7
       Scroll            |       |       |       |    10 ||    10
 Stab: Sleeping          |    10 |     4 |     5 |     1 ||    20
       Distracted        |       |       |       |     1 ||     1
Armor: Robe              |    14 |       |       |       ||    14
       Ring mail         |     1 |     7 |    55 |    46 ||   109
Dodge: Dodged            |    80 |    20 |   154 |   117 ||   371
Block: Kite shield       |       |       |       |   124 ||   124

Table legend: (Time is in decaauts)
 A = Elapsed time spent in this place.
 B = Non-inter-level travel time spent in this place.
 C = Inter-level travel time spent in this place.
 D = Time resting spent in this place.
 E = Time spent auto-exploring this place.
 F = Levels seen in this place.
 G = Mean time per level.
                   A        B        C        D        E       F      G
               +--------+--------+--------+--------+--------+-----+--------+
         Total |   9221 |   8923 |    298 |      0 |   7303 |  10 |  922.1 |
       Dungeon |   9221 |   8923 |    298 |      0 |   7303 |  10 |  922.1 |
               +--------+--------+--------+--------+--------+-----+--------+

Top non-repeatable levels by time:
     D:6: 1593 daAuts
     D:5: 1319 daAuts
     D:7: 1207 daAuts
     D:8: 957 daAuts
     D:2: 809 daAuts
     D:1: 741 daAuts
     D:3: 707 daAuts
     D:4: 696 daAuts
    D:10: 654 daAuts
     D:9: 535 daAuts
